 Dungeon Crawl Stone Soup version 0.18.1-48-g4cf74bf (webtiles) character file.

415 Joat the Insei (level 6, -4/44 HPs)
             Began as an Octopode Monk on Aug 9, 2016.
             Slain by an orc
             ... wielding a +0 trident of protection
              (7 damage)
             ... on level 4 of the Dungeon.
             The game lasted 00:26:14 (4137 turns).

Joat the Insei (Octopode Monk)                      Turns: 4137, Time: 00:26:17

Health: -4/44      AC:  1    Str: 12    XL:     6   Next: 91%
Magic:  15/15      EV: 10    Int: 13    God:
Gold:   186        SH: 14    Dex: 14    Spells: 0 memorised, 5 levels left

rFire  . . .     SeeInvis .       - Unarmed
rCold  . . .     Gourm    .     b - +2 large shield
rNeg   . . .     Faith    .     (helmet restricted)
rPois  .         Spirit   .     (no amulet)
rElec  .         Dismiss  .     d - ring of magical power
rCorr  .         Reflect  .     (no ring)
SustAt .         Harm     .     (no ring)
MR     .....                    (no ring)
Stlth  +++.......               (no ring)
                                (no ring)
                                (no ring)
                                (no ring)

@: not resistant to hostile enchantments, fairly stealthy
A: almost no armour, amphibious, 8 rings, constrict 8, camouflage 1, gelatinous
body 1
a: no special abilities


You were on level 4 of the Dungeon.
You were not hungry.

You visited 1 branch of the dungeon, and saw 4 of its levels.

You collected 186 gold pieces.

Inventory:

Armour
 b - a +2 large shield (worn)
Jewellery
 d - a ring of magical power (left tentacle)
Scrolls
 c - a scroll of random uselessness {unknown}
 f - 2 scrolls of noise {unknown}
 h - 2 scrolls of identify {unknown}
 i - a scroll of enchant armour {unknown}
 j - 2 scrolls of teleportation {unknown}
 k - a scroll of blinking {unknown}
 r - 3 scrolls of recharging {unknown}
 t - a scroll of enchant weapon {unknown}
 w - a scroll of magic mapping {unknown}
 x - a scroll of immolation {unknown}
Potions
 e - a potion of mutation {unknown}
 l - 3 potions of curing {unknown}
 m - 2 potions of degeneration {unknown}
 n - a potion of cancellation {unknown}
 p - a potion of brilliance {unknown}
 q - a potion of lignification {unknown}
 u - a potion of haste {unknown}
 z - a potion of berserk rage {unknown}
Books
 s - Sif Muna's Disquisition on Enhancements
   (You found it on level 4 of the Dungeon)

   Spells                             Type                      Level
   a - Infusion                       Charms                       1
Comestibles
 a - 3 bread rations
 g - 2 meat rations


   Skills:
 + Level 4.3 Fighting
 + Level 4.2 Dodging
 - Level 2.6 Stealth
 + Level 4.0 Shields
 + Level 5.1 Unarmed Combat


You had 5 spell levels left.
You didn't know any spells.

Dungeon Overview and Level Annotations

Branches:
Dungeon (4/15)
 Temple: D:4-7

Altars:
Nemelex Xobeh
Sif Muna

Shops:
D:4 %


Innate Abilities, Weirdness & Mutations

You cannot wear most types of armour.
You are amphibious.
You can wear up to eight rings at the same time.
You can use your tentacles to constrict eight enemies at once.
Your skin changes colour to match your surroundings (Stealth).
Your rubbery body absorbs attacks (AC +1).


Message History

The puff of flame hits you!
The orc shouts!
An orc comes into view. It is wielding a club.
You barely miss something. You squeeze something! Something hits you.
The orc moves out of view.
You miss something. Something hits you. You block the orc's attack.
Something hits you.
You miss something. You block the orc's attack.
Something hits you but does no damage.
You miss something. You block the orc's attack. Something hits you.
You tentacle-slap something. Something hits you.
The orc hits you from afar with a trident of protection.
* * * LOW HITPOINT WARNING * * *
You miss something.
You hear some strange, mumbled words.
A magic dart appears from out of thin air!
The magic dart hits you!
* * * LOW HITPOINT WARNING * * *
The orc hits you from afar with a trident of protection!
You die...

#.............#....#
#.......(.....#....#
#.............#...>#
#.............######
#.............########
#.....o...............
#....ooo.............o
################>######.....$.o.
.............<.#@#### #........o
....................# #.........
....................# #.......o.
....................# #.........
..8.................# ##########
....................#
8.∩.8.########......#
##.###########......# #8#
#......'......#


You could see 4 orcs.

Vanquished Creatures
  Edmund (D:4)
  2 orc wizards (D:4)
  A giant frog skeleton (D:4)
  An iguana (D:4)
  A worker ant (D:4)
  3 gnolls (D:3)
  5 adders
  An ooze (D:1)
  An adder skeleton (D:4)
  2 worms
  2 dart slugs
  2 giant geckos
  3 orcs
  A ball python (D:1)
  3 giant cockroaches
  9 goblins
  8 hobgoblins
  10 jackals
  5 kobolds
  2 quokkas (D:2)
  7 bats
  4 giant newts
  A quokka skeleton (D:4)
  9 rats
  3 plants (D:1)
87 creatures vanquished.

Notes
Turn   | Place    | Note
--------------------------------------------------------------
     0 | D:1      | Joat the Octopode Monk began the quest for the Orb.
     0 | D:1      | Reached XP level 1. HP: 16/16 MP: 1/1
   245 | D:1      | Reached skill level 1 in Shields
   245 | D:1      | Reached XP level 2. HP: 21/21 MP: 2/2
   406 | D:1      | Reached XP level 3. HP: 13/26 MP: 3/3
  1246 | D:2      | Found a sparkling altar of Nemelex Xobeh.
  1306 | D:2      | Reached XP level 4. HP: 29/31 MP: 4/4
  2480 | D:3      | Reached XP level 5. HP: 30/36 MP: 5/5
  3256 | D:4      | Found a deep blue altar of Sif Muna.
  3277 | D:4      | Reached XP level 6. HP: 3/43 MP: 6/6
  3280 | D:4      | Identified Sif Muna's Disquisition on Enhancements
  3655 | D:4      | Noticed Edmund
  3669 | D:4      | Killed Edmund
  3669 | D:4      | Reached skill level 5 in Unarmed Combat
  3748 | D:4      | Found Fiabbuv's Food Shop.
  4137 | D:4      | Slain by an orc

Skill      XL: |  1  2  3  4  5  6 |
---------------+-------------------+-----
Shields        | 1 2 3 4 |  4.0
Fighting       | 4 |  4.3
Dodging        | 4 |  4.2
Unarmed Combat | 5 |  5.1
Stealth        | |  2.6

Action                   |  1- 3 |  4- 6 || total
-------------------------+-------+-------++-------
Melee: Unarmed           |   104 |   131 ||   235
       Constrict         |    32 |    33 ||    65
       Tentacles         |    24 |    23 ||    47
       Punch             |     3 |     4 ||     7
 Stab: Sleeping          |     9 |     7 ||    16
  Eat: Chunk             |     1 |     8 ||     9
       Royal jelly       |       |     1 ||     1
Armor: Skin              |     2 |     2 ||     4
Dodge: Dodged            |    10 |    14 ||    24
Block: Large shield      |    31 |    69 ||   100
